 Dungeon Crawl Stone Soup version 0.25.0-37-gb73750e0fb (webtiles) character file.

Game seed: 12912665840274000654

685494 KleinerIrrer the Cryomancer (level 27, -14/190 HPs)
             Began as a Demonspawn Ice Elementalist on June 29, 2020.
             Was the Champion of Makhleb.
             Demolished by an Orb Guardian (22 damage)
             ... while paralysed by a Zot trap
             ... on level 5 of the Realm of Zot on July 8, 2020.
             The game lasted 07:36:45 (101512 turns).

KleinerIrrer the Cryomancer (DsIE)                Turns: 101512, Time: 07:36:46

Health: -14/190    AC: 22    Str: 13    XL:     27
Magic:  56/61      EV:  2    Int: 39    God:    Makhleb [******]
Gold:   11216      SH:  0    Dex: 21    Spells: 11/77 levels left

rFire    + + +     SeeInvis +   B - +11 dagger of the Dead {freeze, rElec rPois rF+++ Int-3 Dex+3}
rCold    + + +     Gourm    .   C - +2 shield of Resistance {rF+ rC+ MR+}
rNeg     + + +     Faith    .   g - quicksilver dragon scales
rPois    +         Spirit   .   e - +3 crown of Dyrovepreva {rElec Int+2 SInv}
rElec    +         Reflect  +   V - +2 cloak {MR+}
rCorr    .         Harm     .   v - +0 pair of gloves of the Armoured One {rN+ Regen+}
MR       +++++                  (boots unavailable)
Stlth    +.........             i - amulet "Medgh" {Reflect rN+ Int+5 SH+5}
HPRegen  0.81/turn              r - ring of Malodaor {Ice +Inv Str+3 Int+3 Dex+4}
MPRegen  0.37/turn              h - ring "Kesakk" {rC+ MP+9 Int+4}

@: paralysed, no potions
A: hooves 3, large bone plates 3, cold resistance 1, demonic guardian 3,
deterioration 1, fire resistance 1, ignite blood, negative energy resistance 1,
50% torment resistance, black mark, flame cloud immunity
}: 3/15 runes: serpentine, barnacled, silver
a: Minor Destruction, Lesser Servant of Makhleb, Major Destruction, Greater
Servant of Makhleb, Renounce Religion, Evoke Invisibility


You were on level 5 of the Realm of Zot.
You worshipped Makhleb.
Makhleb was exalted by your worship.
You were not hungry.

You visited 10 branches of the dungeon, and saw 50 of its levels.
You visited the Abyss 1 time.
You visited 2 bazaars.
You also visited: Trove, Bailey, Gauntlet, Ice Cave and Desolation.

You collected 18722 gold pieces.
You spent 7506 gold pieces at shops.

Inventory:

Hand Weapons
 B - the +11 dagger of the Dead (weapon) {freeze, rElec rPois rF+++ Int-3 Dex+3}
   (You took it off a deep elf sorcerer on level 3 of the Elven Halls)

   It has been specially enchanted to freeze those struck by it, causing extra
   injury to most foes and up to half again as much damage against particularly
   susceptible opponents.
   It can also slow down cold-blooded creatures.
   It affects your intelligence (-3).
   It affects your dexterity (+3).
   It renders you almost immune to fire.
   It insulates you from electricity.
   It protects you from poison.
Missiles
 O - 51 silver javelins (quivered)
Armour
 e - the +3 crown of Dyrovepreva (worn) {rElec Int+2 SInv}
   (You found it on level 1 of the Shoals)

   It affects your intelligence (+2).
   It insulates you from electricity.
   It lets you see invisible.
 g - quicksilver dragon scales (worn)
 v - the +0 pair of gloves of the Armoured One (worn) {rN+ Regen+}
   (You acquired it on level 3 of the Snake Pit)

   It protects you from negative energy.
   It increases your rate of regeneration.
 C - the +2 shield of Resistance (worn) {rF+ rC+ MR+}
   (You took it off a vault sentinel on level 5 of the Vaults)

   It protects you from fire.
   It protects you from cold.
   It affects your resistance to hostile enchantments.
 V - a +2 cloak of magic resistance (worn)
Jewellery
 f - an uncursed ring of resist corrosion
 h - the ring "Kesakk" (right hand) {rC+ MP+9 Int+4}
   (You bought it in a shop on level 1 of the Depths)

   [ring of magical power]

   It affects your intelligence (+4).
   It protects you from cold.
   It affects your magic capacity (+9).
 i - the amulet "Medgh" (around neck) {Reflect rN+ Int+5 SH+5}
   (You found it in the Desolation of Salt)

   [amulet of reflection]

   It shields you and reflects attacks.
   It affects your intelligence (+5).
   It protects you from negative energy.
   It affects your SH (+5).
 r - the ring of Malodaor (left hand) {Ice +Inv Str+3 Int+3 Dex+4}
   (You acquired it on level 15 of the Dungeon)

   [ring of ice]

   It enhances your ice magic.
   It affects your strength (+3).
   It affects your intelligence (+3).
   It affects your dexterity (+4).
   It makes you vulnerable to fire.
   It protects you from cold.
   It lets you turn invisible.
Wands
 a - a wand of flame (125)
 l - a wand of paralysis (16)
 q - a wand of disintegration (43)
 x - a wand of polymorph (38)
 y - a wand of clouds (13)
 E - a wand of digging (30)
 M - a wand of enslavement (27)
 W - a wand of iceblast (24)
 X - a wand of acid (44)
Scrolls
 j - a scroll of enchant weapon
 p - 26 scrolls of remove curse
 u - 7 scrolls of blinking
 w - 7 scrolls of fear
 A - 25 scrolls of identify
 H - 13 scrolls of teleportation
 I - 11 scrolls of amnesia
 P - 11 scrolls of immolation
 S - 6 scrolls of magic mapping
 T - 6 scrolls of summoning
 U - a scroll of silence
 Z - 5 scrolls of fog
Potions
 b - a potion of invisibility
 d - 9 potions of mutation
 k - 4 potions of magic
 m - 6 potions of flight
 n - 26 potions of curing
 s - a potion of resistance
 t - 12 potions of brilliance
 J - 6 potions of ambrosia
 K - 5 potions of heal wounds
 L - 10 potions of might
 N - 5 potions of haste
 Q - 6 potions of stabbing
 Y - 3 potions of cancellation
Miscellaneous
 o - 3 boxes of beasts
 D - a lightning rod (4/4)
 F - 4 phantom mirrors
 G - a phial of floods
 R - a tin of tremorstones (3/3)
Comestibles
 c - 68 rations


   Skills:
 - Level 10.1 Fighting
   Level 1.0 Long Blades
 - Level 13.4 Armour
 + Level 10.3 Dodging
 - Level 1.7 Stealth
 + Level 17.0 Shields
 + Level 25.9 Spellcasting
 - Level 4.0 Conjurations
 - Level 1.1 Summonings
 * Level 8.4 Necromancy
 * Level 6.6 Translocations
 - Level 26.0 Ice Magic
 - Level 10.0 Evocations


You had 11 spell levels left.
You knew the following spells:

 Your Spells              Type           Power        Failure   Level  Hunger
a - Freeze                Ice            ####         0%          1    None
b - Frozen Ramparts       Ice            ######       0%          3    None
c - Ozocubu's Armour      Chrm/Ice       ########     0%          3    None
d - Hailstorm             Conj/Ice       ########     0%          4    None
e - Summon Ice Beast      Ice/Summ       ########     1%          4    None
f - Ozocubu's Refrigerat  Ice            #########.   0%          6    None
g - Metabolic Englaciati  Hex/Ice        ########..   1%          5    None
h - Conjure Flame         Conj/Fire      ######..     1%          3    None
i - Sticky Flame          Conj/Fire      ######..     2%          4    None
j - Simulacrum            Ice/Necr       ########..   1%          6    None
k - Ensorcelled Hibernat  Hex/Ice        ######       0%          2    None
l - Absolute Zero         Ice            #########.   1%          9    None
m - Blink                 Tloc           N/A          1%          2    None
n - Mephitic Cloud        Conj/Pois/Air  ######..     1%          3    None
o - Swiftness             Chrm/Air       ######..     1%          2    None
p - Apportation           Tloc           ######       1%          1    None
q - Necromutation         Tmut/Necr      ######....   100%        8    None

Your spell library contained the following spells:

 Spells                   Type           Power        Failure   Level  Hunger
 Beastly Appendage        Tmut           ######       1%          1    None
 Corona                   Hex            ######.      1%          1    None
 Foxfire                  Conj/Fire      ####         1%          1    None
 Magic Dart               Conj           ####         1%          1    None
 Sandblast                Erth           ######       1%          1    None
 Shock                    Conj/Air       ####         1%          1    None
 Sting                    Tmut/Pois      ####         1%          1    None
 Summon Butterflies       Summ           ######..     1%          1    None
 Summon Small Mammal      Summ           ####         1%          1    None
 Call Imp                 Summ           ######..     1%          2    None
 Corpse Rot               Necr/Air       N/A          1%          2    None
 Passwall                 Tmut/Erth      ######..     1%          2    None
 Poisonous Vapours        Pois/Air       ######       1%          2    None
 Searing Ray              Conj           ######       1%          2    None
 Shroud of Golubria       Chrm/Tloc      ######       1%          2    None
 Slow                     Hex            ######..     1%          2    None
 Call Canine Familiar     Summ           ######..     1%          3    None
 Confusing Touch          Hex            ######..     1%          3    None
 Dazzling Flash           Conj/Hex       ######       1%          3    None
 Gell's Gravitas          Tloc           #######...   1%          3    None
 Ignite Poison            Fire/Tmut/Pois ######..     1%          3    None
 Inner Flame              Hex/Fire       ######..     1%          3    None
 Lesser Beckoning         Tloc           #######...   1%          3    None
 Recall                   Summ/Tloc      N/A          1%          3    None
 Static Discharge         Conj/Air       ######..     1%          3    None
 Stone Arrow              Conj/Erth      ######       1%          3    None
 Summon Guardian Golem    Hex/Summ       ######..     1%          3    None
 Teleport Other           Tloc           #######.     1%          3    None
 Tukima's Dance           Hex            ######..     1%          3    None
 Animate Dead             Necr           N/A          1%          4    None
 Ice Form                 Ice/Tmut       ########     1%          4    None
 Iskenderun's Mystic Bla  Conj/Tloc      #######.     1%          4    None
 Passage of Golubria      Tloc           N/A          1%          4    None
 Freezing Cloud           Conj/Ice/Air   ########..   1%          6    None
 Fulminant Prism          Conj/Hex       ######....   2%          4    None
 Borgnjor's Vile Clutch   Necr/Erth      ######....   3%          5    None
 Summon Forest            Summ/Tloc      ######....   3%          5    None
 Death Channel            Necr           #######...   3%          6    None
 Summon Lightning Spire   Summ/Air       ######..     4%          4    None
 Airstrike                Air            ######....   6%          4    None
 Cause Fear               Hex            ######....   6%          4    None
 Petrify                  Tmut/Erth      ######..     6%          4    None
 Fireball                 Conj/Fire      ######....   8%          5    None
 Irradiate                Conj/Tmut      ######....   8%          5    None
 Iskenderun's Battlesphe  Conj/Chrm      ######..     8%          5    None
 Lightning Bolt           Conj/Air       ######....   8%          5    None
 Bolt of Magma            Conj/Fire/Erth ######....   11%         5    None
 Summon Demon             Summ           ######....   11%         5    None
 Summon Mana Viper        Hex/Summ       ######..     14%         5    None
 Alistair's Intoxication  Tmut/Pois      ######..     19%         5    None
 Blade Hands              Tmut           ######....   19%         5    None
 Lee's Rapid Deconstruct  Erth           ######....   19%         5    None
 Yara's Violent Unravell  Hex/Tmut       ######....   19%         5    None
 Iron Shot                Conj/Erth      ######....   41%         6    None
 Shadow Creatures         Summ           N/A          52%         6    None
 Haunt                    Necr/Summ      ######....   61%         7    None
 Darkness                 Hex            ######....   69%         6    None
 Eringya's Noxious Bog    Tmut/Pois      ######....   69%         6    None
 Hydra Form               Tmut           ######....   69%         6    None
 Invisibility             Hex            ######..     69%         6    None
 Orb of Destruction       Conj           ######....   71%         7    None
 Malign Gateway           Summ/Tloc      ######....   73%         7    None
 Borgnjor's Revivificati  Necr           #######...   80%         8    None
 Infestation              Necr           #######...   80%         8    None
 Spellforged Servitor     Conj/Summ      ######....   88%         7    None
 Summon Hydra             Summ           ######....   98%         7    None
 Dragon Form              Tmut           ######....   99%         7    None
 Ring of Flames           Chrm/Fire      ######....   99%         7    None
 Chain Lightning          Conj/Air       ######....   100%        8    None
 Death's Door             Chrm/Necr      ######....   100%        8    None
 Ignition                 Fire           ######....   100%        8    None
 Lehudib's Crystal Spear  Conj/Erth      ######....   100%        8    None
 Dragon's Call            Summ           ######....   100%        9    None
 Fire Storm               Conj/Fire      ######....   100%        9    None
 Shatter                  Erth           ######....   100%        9    None
 Tornado                  Air            ######....   100%        9    None


Dungeon Overview and Level Annotations

Branches:
Dungeon (15/15)            Temple (1/1) D:4            Lair (6/6) D:11
 Shoals (4/4) Lair:3        Snake (4/4) Lair:4        Slime (0/5) Lair:6
    Orc (2/2) D:12            Elf (3/3) Orc:2        Vaults (5/5) D:13
  Crypt (0/3) Vaults:2     Depths (5/5) D:15            Zot (5/5) Depths:5
 Bailey (visited)           IceCv (visited)         Desolation (visited)
Gauntlet (visited)

Altars:
Ashenzari
Dithmenos
Elyvilon
Kikubaaqudgha
Makhleb
Nemelex Xobeh
Okawaru
Qazlal
Sif Muna
Uskayaw
Vehumet
Wu Jian
Yredelemnul
Beogh
Jiyva

Shops:
D:12 [(   D:14 *   Orc:2 *!(:[   Elf:1 %   Snake:3 }   Vaults:2 %([(*
Vaults:5 ?   Depths:1 ==}

Portals:
Hell: Lair:6 Depths:1 Depths:2 Depths:3 Depths:4 Depths:5
Abyss: Depths:4
Pandemonium: Depths:3
Ziggurat: Depths:5

Annotations:
D:2 1 exclusion
Shoals:1 Roxanne
Snake:4 2 runed translucent doors, Dominolapin's ghost, adept FeVM
Orc:1 3 runed translucent doors, Cafarom's ghost, journeyman HOFi
Elf:2 3 runed translucent doors
Vaults:3 3 runed translucent doors, Iloemm's ghost, adept HOMo; SlowGraham's ghost, legendary KoMo; Tang's ghost, master DsGl; Zonian's ghost, adept HOFi; astronautguy's ghost, master FoEE


Innate Abilities, Weirdness & Mutations

You have hooves in place of feet.
You are completely covered in large bone plates. (SH +8)
A powerful demonic guardian rushes to your aid.
Your flesh is heat resistant. (rF+)
Your demonic aura causes spilled blood to erupt in flames.
You resist negative energy. (rN+)
You are somewhat able to resist unholy torments (1 in 2 success).
Your melee attacks may debilitate your foes.
You are immune to clouds of flame.
Your flesh is cold resistant. (rC+)
Your body sometimes deteriorates upon taking damage.


Message History

* * * LOW HITPOINT WARNING * * *
The Orb Guardian is engulfed in blazing flames.
The Orb Guardian barely misses you.
The Orb Guardian is engulfed in blazing flames.
The Orb Guardian hits you but does no damage.
The Orb Guardian hits you!
* * * LOW HITPOINT WARNING * * *
The Orb Guardian hits you!
* * * LOW HITPOINT WARNING * * *
The Orb Guardian hits you.
* * * LOW HITPOINT WARNING * * *
The Orb Guardian disappears!
The Orb Guardian is engulfed in blazing flames.
The Orb Guardian hits you but does no damage.
The Orb Guardian is engulfed in blazing flames.
The Orb Guardian hits you but does no damage.
The Orb Guardian hits you!
* * * LOW HITPOINT WARNING * * *
The Orb Guardian hits you!!
You die...

▓▓▓▓▓▓▓▓▓
▓XX@X...▓
▓..XXX....▓
▓....^......▓
..§.....0......
..▓...........▓
. ▓▓^^..^..^.▓▓
▓▓.......▓▓
▓▓▓▓▓▓▓▓▓


You could see 6 Orb Guardians.

Vanquished Creatures
  6 orbs of fire
  2 juggernauts (Depths:4)
  5 ancient liches
  Sojobo (Depths:4)
  Boris (Vaults:4)
  Margery (Vaults:5)
  A shard shrike (Zot:1)
  7 Killer Klowns (Zot:5)
  3 curse toes
  The ghost of Zuraquwk the Warrior, an adept DgCj (Depths:4)
  Nikola (Shoals:2)
  7 golden dragons
  2 bone dragons
  A profane servitor (Abyss:3)
  2 electric golems (Zot:1)
  A hellephant (Abyss:3)
  18 Orb Guardians
  20 tentacled monstrosities
  3 liches
  7 quicksilver dragons
  4 deep elf blademasters (Elf:3)
  7 krakens
  3 deep elf master archers (Elf:3)
  2 titans (Vaults:5)
  A sphinx (Depths:2)
  Kirke (Snake:4)
  Polyphemus (Shoals:4)
  6 death cobs
  Donald (Vaults:1)
  10 shadow dragons
  Frances (D:14)
  10 storm dragons
  Ilsuiw (Shoals:3)
  7 draconian monks
  6 tengu reavers
  22 nagarajas
  A daeva (Abyss:1)
  An iron dragon (Vaults:5)
  3 balrugs
  11 fire giants
  3 draconian scorchers
  8 draconian knights
  An orc warlord (Bailey)
  An imperial myrmidon (Desolation)
  8 frost giants
  A cacodemon (Abyss:3)
  7 deep elf sorcerers
  12 vault wardens
  Louise (Shoals:4)
  7 ghost moths
  8 deep elf elementalists
  3 draconian shifters
  3 draconian stormcallers
  2 draconian annihilators
  23 very ugly things
  12 ironheart preservers
  A war gargoyle (Depths:3)
  4 spriggan defenders
  A vampire knight (Depths:2)
  14 green draconians
  9 stone giants
  7 starcursed masses (Abyss:3)
  8 deep elf demonologists
  13 black draconians
  An entropy weaver (Vaults:4)
  A dire elephant (Lair:4)
  9 deep elf annihilators
  9 white draconians
  13 spark wasps
  A lorocyproca (Abyss:3)
  10 yellow draconians
  15 red draconians
  8 purple draconians
  7 deep elf death magi
  3 halazid warlocks (Desolation)
  A crystal guardian (Desolation)
  10 ragged hierophants (Desolation)
  9 merfolk javelineers
  10 ettins
  7 death oozes (Depths:4)
  16 merfolk impalers
  A quicksilver dragon zombie (Abyss:3)
  10 fire dragons
  12 yaktaur captains
  9 deep elf high priests
  11 peacekeepers (Desolation)
  20 ice dragons
  26 naga warriors
  5 great orbs of eyes
  28 vault guards
  15 hydras
  3 servants of whispers (Desolation)
  7 spriggan air magi
  8 rakshasas
  9 anacondas
  11 centaur warriors
  An anaconda (shapeshifter) (Vaults:5)
  2 alligator snapping turtles (Shoals:4)
  A catoblepas (Shoals:4)
  6 merfolk aquamancers
  8 merfolk avatars
  14 dancing weapons
  4 death knights
  7 death yaks
  7 deep troll shamans
  10 ogre magi
  2 satyrs
  5 thrashing horrors
  24 two-headed ogres
  4 tengu warriors
  17 naga sharpshooters
  11 deep troll earth magi
  A vampire mage (Depths:4)
  The ghost of Sedillia the Grappler, a novice TrFi (D:10)
  5 shock serpents
  2 orc high priests
  3 hell hogs (Abyss:3)
  12 small abominations
  21 deep elf knights
  A soul eater (Depths:3)
  3 sun demons
  4 shadow wraiths
  2 wretched stars (Abyss:3)
  Nergalle (D:11)
  An iron troll (Depths:1)
  4 salamander mystics
  A spectral anaconda (Depths:3)
  A fire crab (Lair:4)
  A storm dragon skeleton (Abyss:3)
  2 fire crabs (shapeshifter)
  10 sea snakes
  3 skeletal warriors
  11 hell knights
  An unseen horror (D:14)
  4 glowing orange brains
  37 deep trolls
  An unseen horror (shapeshifter) (D:15)
  6 flayed ghosts
  A death drake (Depths:3)
  A kraken simulacrum (Shoals:4)
  7 naga ritualists
  A spectral hydra (Depths:3)
  3 spatial maelstroms
  6 phantasmal warriors
  A quicksilver dragon simulacrum (Abyss:1)
  24 deep elf archers
  16 ironbrand convokers
  2 orange crystal statues (Depths:3)
  A mana viper (shapeshifter) (Depths:4)
  13 orc knights
  2 wizards
  4 necromancers
  2 lindwurms (Depths:1)
  A sphinx zombie (Depths:3)
  13 mana vipers
  51 deep elf magi
  An oklob plant (Gauntlet)
  A wolf spider zombie (D:14)
  19 fauns
  9 orc sorcerers (Orc:2)
  23 moths of wrath
  32 harpies
  2 cyclopes (shapeshifter) (Vaults:5)
  10 elephants
  44 ugly things
  A frost giant skeleton (Depths:3)
  A tengu skeleton (Depths:3)
  A wolf spider (D:15)
  6 manticores
  13 cyclopes
  A moth of wrath (shapeshifter) (D:15)
  7 merfolk sirens
  Maurice (D:11)
  An elephant (shapeshifter) (Vaults:5)
  5 smoke demons
  A black mamba (shapeshifter) (Depths:5)
  19 salamanders
  12 water nymphs
  A fire giant skeleton (Abyss:3)
  17 guardian serpents
  A guardian serpent (shapeshifter) (Vaults:1)
  21 vault sentinels
  19 naga magi
  8 spiny frogs
  A molten gargoyle (Desolation)
  34 black mambas
  A torpor snail (Lair:4)
  3 gargoyles
  12 komodo dragons
  5 orange demons
  A komodo dragon (shapeshifter) (D:15)
  A rime drake (shapeshifter) (Elf:1)
  An efreet (Abyss:3)
  6 freezing wraiths
  2 ice devils
  2 kobold demonologists (D:10)
  4 rime drakes
  2 golden dragon simulacra (IceCv)
  A spark wasp simulacrum (Depths:3)
  56 merfolk
  2 hellwings
  7 trolls
  50 yaktaurs
  A ghost moth simulacrum (Abyss:1)
  A red devil (Lair:6)
  5 spectral merfolk (Depths:3)
  A harpy skeleton (D:13)
  4 tengu conjurers (Depths:1)
  A jumping spider (shapeshifter) (Vaults:4)
  A wolf spider simulacrum (D:15)
  A wind drake (shapeshifter) (Vaults:1)
  4 polar bears
  4 wind drakes
  6 hornets
  12 snapping turtles
  15 blink frogs
  64 saltlings (Desolation)
  A human simulacrum (Vaults:4)
  17 dream sheep
  A dream sheep (shapeshifter) (Vaults:2)
  7 raiju
  A hippogriff (shapeshifter) (Vaults:5)
  37 slime creatures
  17 hippogriffs
  9 shadows
  4 redbacks (Vaults:4)
  A flying skull (Abyss:1)
  3 spriggans
  3 vampires
  A tarantella (shapeshifter) (Vaults:2)
  Sigmund (D:3)
  2 ynoxinuls (Abyss:3)
  22 water elementals
  An air elemental (Elf:1)
  6 wraiths
  27 yaks
  4 wyverns
  A hog (shapeshifter) (Vaults:2)
  A yak (shapeshifter) (Vaults:3)
  2 fire bats
  3 hogs (Snake:4)
  A human (Snake:4)
  4 basilisks
  A steam dragon (shapeshifter) (Depths:3)
  2 yaktaur simulacra
  A golden eye (Abyss:3)
  7 large abominations
  A fire elemental (Elf:1)
  2 hungry ghosts (D:13)
  6 vampire mosquitoes
  2 neqoxecs (Abyss:1)
  12 wargs
  86 nagas
  3 spatial vortices (Abyss:1)
  A soldier ant (D:13)
  A swamp worm (shapeshifter) (Vaults:5)
  3 hydra simulacra
  4 acid dragons
  23 water moccasins
  A floating eye (Depths:3)
  10 porcupines
  2 spectral spriggans (Depths:3)
  16 hell hounds
  2 spectral trolls (Depths:3)
  5 ice beasts
  An ettin simulacrum (IceCv)
  52 orc warriors
  4 sky beasts
  2 eyes of draining (shapeshifter)
  22 ogres
  31 centaurs
  3 necrophages
  A boggart (Vaults:2)
  22 wolves
  A crocodile (shapeshifter) (Vaults:4)
  13 crocodiles
  13 big kobolds
  10 bullfrogs
  6 earth elementals
  2 merfolk simulacra (Depths:3)
  A wyvern zombie (D:10)
  A wyvern skeleton (D:12)
  3 scorpions
  An elf simulacrum (Vaults:2)
  27 killer bees
  2 spectral nagas (Depths:3)
  2 spectral ogres (Depths:3)
  7 wights
  A nameless horror (Elf:1)
  2 electric eels (Elf:2)
  7 howler monkeys
  A spectral centaur (Depths:3)
  A howler monkey (shapeshifter) (Vaults:2)
  8 crimson imps
  2 centaur zombies
  3 bullfrog zombies
  8 hounds
  A quasit (Abyss:1)
  3 jellies
  3 centaur skeletons
  21 orc priests
  5 bullfrog skeletons
  A gnoll shaman (D:9)
  6 iguanas
  52 orc wizards
  11 worker ants
  3 troll simulacra (Depths:3)
  A hound zombie (D:7)
  2 hound skeletons
  2 worker ant zombies
  24 adders
  8 gnolls
  2 howler monkey skeletons
  2 naga simulacra (Depths:3)
  5 shadow imps
  A white imp (Abyss:1)
  2 ufetubi
  5 oozes
  2 adder zombies
  An adder skeleton (D:5)
  5 worms
  A dart slug (D:2)
  2 leopard geckos
  146 orcs
  6 ball pythons
  8 bats
  4 giant cockroaches
  6 goblins
  8 hobgoblins
  10 jackals
  31 kobolds
  4 quokkas
  6 frilled lizards
  A leopard gecko skeleton (D:4)
  A quokka skeleton (D:3)
  A quokka zombie (D:6)
  5 rats
  11 blocks of ice
  A bush (Lair:5)
  A crawling corpse (Elf:3)
  15 fungi
  205 plants
  16 tentacles
2935 creatures vanquished.

Vanquished Creatures (collateral kills)
  A golden dragon (Zot:5)
  A lich (Vaults:4)
  A quicksilver dragon (Zot:3)
  Gastronok (Lair:2)
  A shadow dragon (Elf:1)
  An iron dragon (Elf:1)
  An orc warlord (Orc:1)
  A red draconian (Zot:1)
  2 white draconians
  A crystal guardian (Desolation)
  A merfolk impaler (Shoals:3)
  A dancing weapon (Elf:1)
  2 tengu warriors (D:11)
  A naga sharpshooter (Snake:2)
  2 skeletal warriors
  A hell knight (Vaults:5)
  An unseen horror (D:11)
  A storm dragon skeleton (Vaults:4)
  A wizard (Lair:6)
  A flayed ghost (D:11)
  An ironbrand convoker (Vaults:4)
  A deep elf mage (Elf:1)
  A faun (Shoals:3)
  An elephant (Lair:6)
  A black mamba (Lair:4)
  A merfolk siren (Shoals:3)
  A centaur skeleton (D:12)
  A spiny frog (Lair:6)
  A troll (D:12)
  A merfolk (Shoals:3)
  2 blink frogs
  A hippogriff (Shoals:1)
  A wraith (D:11)
  4 yaks
  A warg (Orc:1)
  An acid dragon (Gauntlet)
  2 water moccasins
  3 hell hounds
  3 ice beasts
  An orc warrior (Orc:1)
  A small abomination (Abyss:3)
  An elf skeleton (Vaults:4)
  An ogre (D:11)
  2 bullfrogs
  A scorpion (D:11)
  A killer bee (D:9)
  7 wights
  2 orc wizards
  4 orcs
  2 kobolds (D:9)
  2 blocks of ice
  A plant (Lair:6)
77 creatures vanquished.

Vanquished Creatures (others)
  A draconian stormcaller (Zot:5)
  A draconian annihilator (Depths:5)
  An ironheart preserver (Vaults:3)
  A manticore (D:12)
  A ball python (Depths:1)
  127 blocks of ice
  A bush (Lair:4)
  13 fungi
  37 plants
  35 tentacles
218 creatures vanquished.

Grand Total: 3230 creatures vanquished

Notes
Turn   | Place    | Note
-------+----------+-------------------------------------------
     0 | D:1      | KleinerIrrer the Demonspawn Ice Elementalist began the
                  | quest for the Orb.
     0 | D:1      | Reached XP level 1. HP: 13/13 MP: 3/3
   466 | D:1      | Reached skill level 4 in Ice Magic
   466 | D:1      | Gained mutation: Your flesh is heat resistant. (rF+)
                  | [demonic ancestry]
   466 | D:1      | Reached XP level 2. HP: 19/19 MP: 3/5
  1207 | D:2      | Found an iron altar of Okawaru.
  1273 | D:2      | Reached XP level 3. HP: 14/24 MP: 3/6
  1523 | D:2      | Learned a level 3 spell: Frozen Ramparts
  2199 | D:2      | Gained mutation: You have large cloven feet. [demonic
                  | ancestry]
  2199 | D:2      | Reached XP level 4. HP: 30/30 MP: 6/8
  2445 | D:3      | Noticed Sigmund
  2965 | D:3      | Found a burning altar of Makhleb.
  2970 | D:3      | Became a worshipper of Makhleb the Destroyer
  3071 | D:3      | Killed Sigmund
  3071 | D:3      | Reached skill level 5 in Ice Magic
  3071 | D:3      | Reached XP level 5. HP: 15/35 MP: 3/11
  3071 | D:3      | Reached XP level 6. HP: 17/41 MP: 3/12
  4334 | D:4      | Found a staircase to the Ecumenical Temple.
  4342 | Temple   | Entered the Ecumenical Temple
  5636 | D:5      | Entered Level 5 of the Dungeon
  5678 | D:5      | Reached skill level 5 in Spellcasting
  5678 | D:5      | Reached skill level 6 in Ice Magic
  5787 | D:5      | Reached * piety under Makhleb
  5787 | D:5      | Gained mutation: You are immune to clouds of flame.
                  | [demonic ancestry]
  5787 | D:5      | Reached XP level 7. HP: 46/46 MP: 11/14
  5972 | D:5      | Gained mutation: Scrolls take you a little longer to read.
                  | [potion of mutation]
  5972 | D:5      | Gained mutation: You possess an exceptional clarity of
                  | mind. [potion of mutation]
  7439 | D:6      | Reached skill level 7 in Ice Magic
  7439 | D:6      | Gained mutation: A weak demonic guardian rushes to your
                  | aid. [demonic ancestry]
  7439 | D:6      | Reached XP level 8. HP: 51/51 MP: 14/17
  7475 | D:6      | Noticed a brown ugly thing
  7500 | D:6      | Killed a brown ugly thing
  7508 | D:6      | Learned a level 3 spell: Ozocubu's Armour
  7513 | D:6      | Learned a level 4 spell: Hailstorm
  7518 | D:6      | Learned a level 4 spell: Summon Ice Beast
  8113 | D:6      | Reached ** piety under Makhleb
  8268 | D:6      | Reached skill level 8 in Ice Magic
  8550 | D:7      | Noticed a +0 dagger
  8550 | D:7      | Noticed a +0 dagger
  8554 | D:7      | Found a hide-covered altar of Uskayaw.
  8656 | D:7      | Reached XP level 9. HP: 56/56 MP: 18/21
  8945 | D:7      | Found an ornate altar of the Wu Jian Council.
  8946 | D:7      | Found a stormy altar of Qazlal.
  8946 | D:7      | Found a sparkling altar of Nemelex Xobeh.
  8949 | D:7      | Found a burning altar of Makhleb.
  9118 | D:7      | Lost mutation: Scrolls take you a little longer to read.
                  | [potion of mutation]
  9118 | D:7      | Lost mutation: You possess an exceptional clarity of mind.
                  | [potion of mutation]
  9118 | D:7      | Gained mutation: You have hoof-like feet. [potion of
                  | mutation]
  9118 | D:7      | Gained mutation: Your flesh is cold resistant. (rC+)
                  | [potion of mutation]
  9175 | D:7      | Found a shimmering blue altar of Sif Muna.
  9178 | D:7      | Found a white marble altar of Elyvilon.
  9183 | D:7      | Found a shattered altar of Ashenzari.
  9749 | D:8      | Reached skill level 9 in Ice Magic
 10772 | D:9      | Reached *** piety under Makhleb
 11170 | D:9      | Found a shadowy altar of Dithmenos.
 11249 | D:9      | Reached XP level 10. HP: 59/61 MP: 19/23
 11458 | D:9      | Reached skill level 10 in Spellcasting
 11698 | D:9      | Reached skill level 10 in Ice Magic
 12273 | D:10     | Entered Level 10 of the Dungeon
 12307 | D:10     | Found a flagged portal.
 12316 | Bailey   | Entered a bailey
 12322 | Bailey   | Noticed an orc warlord
 12393 | Bailey   | Reached **** piety under Makhleb
 12551 | Bailey   | Found a runed translucent gate.
 12553 | Bailey   | Found a runed translucent gate.
 12554 | Bailey   | Found a runed translucent gate.
 12761 | Bailey   | Killed an orc warlord
 12794 | Bailey   | Got a shimmering scimitar
 12795 | Bailey   | Identified the +7 scimitar of Due Proportion {venom, *Rage
                  | +Blink rC- Stlth+} (You found it in a bailey)
 12901 | D:10     | Noticed a two-headed ogre
 12918 | D:10     | Killed a two-headed ogre
 12918 | D:10     | Reached skill level 1 in Armour
 13307 | D:10     | Noticed a gargoyle
 13314 | D:10     | Killed a gargoyle
 13623 | D:10     | Reached skill level 11 in Ice Magic
 13631 | D:10     | Gained mutation: You are partially covered in large bone
                  | plates. (SH +4) [demonic ancestry]
 13631 | D:10     | Reached XP level 11. HP: 65/66 MP: 5/26
 13793 | D:10     | Found a runed translucent gate.
 13794 | D:10     | Found a runed translucent gate.
 13795 | D:10     | Found a runed translucent gate.
 13798 | D:10     | Noticed Sedillia's ghost (novice TrFi)
 14207 | D:10     | Reached skill level 1 in Long Blades
 14229 | D:10     | Killed Sedillia's ghost
 14229 | D:10     | Reached skill level 1 in Summonings
 14408 | D:11     | Noticed Maurice
 14416 | D:11     | Killed Maurice
 14416 | D:11     | Reached skill level 1 in Conjurations
 14645 | D:11     | Reached ***** piety under Makhleb
 14913 | D:11     | Noticed Nergalle
 14928 | D:11     | Killed Nergalle
 15132 | D:11     | Noticed a two-headed ogre
 15137 | D:11     | Killed a two-headed ogre
 15313 | D:11     | Found a staircase to the Lair.
 15757 | D:11     | Noticed a tengu warrior
 15928 | D:11     | Killed a tengu warrior
 16140 | D:11     | Found a large runed translucent door.
 16140 | D:11     | Found a large runed translucent door.
 16140 | D:11     | Noticed a tengu warrior
 16141 | D:11     | Noticed a wizard
 16164 | D:11     | Killed a tengu warrior
 16170 | D:11     | Killed a wizard
 16172 | D:11     | Reached skill level 12 in Ice Magic
 16284 | D:11     | Noticed a flayed ghost
 16296 | D:11     | Killed a flayed ghost
 16296 | D:11     | Mutation became permanent: You have large cloven feet.
                  | [demonic ancestry]
 16296 | D:11     | Gained mutation: You have hoof-like feet. [demonic
                  | ancestry]
 16296 | D:11     | Reached XP level 12. HP: 72/72 MP: 28/28
 16307 | D:11     | Found an ancient bone altar of Kikubaaqudgha.
 16307 | D:11     | Noticed a fire giant
 16319 | D:11     | Killed a fire giant
 16319 | D:11     | Reached skill level 5 in Dodging
 16472 | D:11     | Found a burning altar of Makhleb.
 16707 | D:11     | Noticed a two-headed ogre
 16725 | D:11     | Killed a two-headed ogre
 16928 | D:12     | Found Fyoss's Armour Shoppe.
 16928 | D:12     | Found a staircase to the Orcish Mines.
 16928 | D:12     | Found Memnej Zaki's Weapon Shoppe.
 16930 | D:12     | Noticed an eight-headed hydra
 18241 | D:12     | Found a radiant altar of Vehumet.
 18332 | D:12     | Killed an eight-headed hydra
 18872 | Lair:1   | Entered Level 1 of the Lair of Beasts
 19168 | Lair:1   | Reached skill level 13 in Ice Magic
 19168 | Lair:1   | Gained mutation: You are mostly covered in large bone
                  | plates. (SH +6) [demonic ancestry]
 19168 | Lair:1   | Reached XP level 13. HP: 79/79 MP: 26/30
 20050 | Lair:2   | Noticed Gastronok
 20052 | Lair:2   | Found a gate leading to a gauntlet.
 20059 | Lair:2   | Killed Gastronok
 20072 | Gauntlet | Entered a Gauntlet
 20072 | Gauntlet | Found a transporter.
 20287 | Gauntlet | Found a transporter.
 20289 | Gauntlet | Found a transporter.
 20305 | Gauntlet | Found a transporter.
 20306 | Gauntlet | Found a transporter.
 20316 | Gauntlet | Found a transporter.
 20316 | Gauntlet | Noticed a balrug
 20332 | Gauntlet | Found a transporter.
 20354 | Gauntlet | Found a transporter.
 20364 | Gauntlet | Found a transporter.
 20364 | Gauntlet | Noticed a green death
 20368 | Gauntlet | Found a transporter.
 20392 | Gauntlet | Found a runed translucent gate.
 20393 | Gauntlet | Found a transporter.
 20393 | Gauntlet | Found a runed translucent gate.
 20394 | Gauntlet | Found a runed translucent gate.
 20396 | Gauntlet | Found a transporter.
 20603 | Gauntlet | Found a transporter.
 20608 | Gauntlet | Reached skill level 14 in Ice Magic
 20676 | Gauntlet | Killed a balrug
 20686 | Gauntlet | Got a warped bronze ring
 20697 | Gauntlet | Noticed a minotaur
 21054 | Lair:2   | Identified the ring "Lilewoff" {Ice Dex+2} (You found it in
                  | a Gauntlet)
 21235 | Lair:2   | Reached ****** piety under Makhleb
 22482 | Lair:3   | Reached XP level 14. HP: 85/85 MP: 24/31
 23281 | Lair:3   | Found a staircase to the Shoals.
 23321 | Lair:3   | Got a jewelled scale mail
 23332 | Lair:3   | Identified the +6 scale mail of the Stonemason {rF- Str+7}
                  | (You found it on level 3 of the Lair of Beasts)
 23542 | Lair:4   | Reached skill level 5 in Armour
 23542 | Lair:4   | Reached skill level 15 in Ice Magic
 23566 | Lair:4   | Reached skill level 1 in Shields
 24822 | Lair:4   | Reached skill level 16 in Ice Magic
 24923 | Lair:4   | Found a staircase to the Snake Pit.
 26297 | Lair:6   | Entered Level 6 of the Lair of Beasts
 27258 | Lair:6   | Gained mutation: You are completely covered in large bone
                  | plates. (SH +8) [demonic ancestry]
 27258 | Lair:6   | Reached XP level 15. HP: 90/90 MP: 19/32
 27378 | Lair:6   | Found a burning altar of Makhleb.
 27556 | Lair:6   | Found a staircase to the Slime Pits.
 27660 | Lair:6   | Reached skill level 17 in Ice Magic
 28893 | Lair:6   | Found a gateway to Hell.
 28907 | Lair:6   | Identified a scroll of acquirement
 29324 | Orc:1    | Entered Level 1 of the Orcish Mines
 29712 | Orc:1    | Found a runed translucent gate.
 29713 | Orc:1    | Found a runed translucent gate.
 29714 | Orc:1    | Found a runed translucent gate.
 29714 | Orc:1    | Noticed Cafarom's ghost (journeyman HOFi)
 29810 | Orc:1    | Noticed an orc warlord
 29845 | Orc:1    | Killed an orc warlord
 30367 | Orc:1    | Found a roughly hewn altar of Beogh.
 30518 | Orc:2    | Entered Level 2 of the Orcish Mines
 31318 | Orc:2    | Found Eclicese's Weapon Shoppe.
 31318 | Orc:2    | Found Kuag's Distillery.
 31332 | Orc:2    | Bought 2 potions of curing for 90 gold pieces
 31332 | Orc:2    | Bought a potion of heal wounds for 75 gold pieces
 31332 | Orc:2    | Bought a potion of curing for 45 gold pieces
 31332 | Orc:2    | Bought a potion of curing for 45 gold pieces
 31332 | Orc:2    | Bought a potion of heal wounds for 75 gold pieces
 31344 | Orc:2    | Found Foqi's General Store.
 31363 | Orc:2    | Found a roughly hewn altar of Beogh.
 31717 | Orc:2    | Bought 2 potions of curing for 84 gold pieces
 31717 | Orc:2    | Bought a scroll of identify for 28 gold pieces
 31717 | Orc:2    | Bought a scroll of identify for 28 gold pieces
 31753 | Orc:2    | Found Tirifeps's Antique Armour Shoppe.
 31753 | Orc:2    | Found Leneph's Book Shop.
 31766 | Orc:2    | Learned a level 6 spell: Ozocubu's Refrigeration
 31772 | Orc:2    | Learned a level 5 spell: Metabolic Englaciation
 31817 | Orc:2    | Found a roughly hewn altar of Beogh.
 32050 | Orc:2    | Found a staircase to the Elven Halls.
 32276 | Snake:1  | Entered Level 1 of the Snake Pit
 32834 | Snake:1  | Reached skill level 5 in Shields
 33430 | Snake:1  | Reached skill level 18 in Ice Magic
 33939 | Shoals:1 | Entered Level 1 of the Shoals
 34265 | Shoals:1 | Found the +3 crown of Dyrovepreva {rElec Int+2 SInv}
 34271 | Shoals:1 | Noticed Roxanne
 34316 | Shoals:1 | Gained mutation: You have hooves in place of feet. [demonic
                  | ancestry]
 34316 | Shoals:1 | Reached XP level 16. HP: 96/96 MP: 17/34
 35764 | Shoals:2 | Found a flickering gateway to a bazaar.
 35788 | Bazaar   | Entered a bazaar
 35788 | Bazaar   | Found Ekkiciot's Assorted Antiques.
 35788 | Bazaar   | Found Citileig's Antique Weapon Shoppe.
 35788 | Bazaar   | Found Ruruclad's Distillery.
 35791 | Bazaar   | Found Covveg's Food Emporium.
 35791 | Bazaar   | Found Xodotib's Antique Armour Shop.
 35827 | Bazaar   | Bought a scroll of enchant armour for 180 gold pieces
 35827 | Bazaar   | Bought a papyrus book for 360 gold pieces
 35832 | Bazaar   | Bought a potion of haste for 100 gold pieces
 35832 | Bazaar   | Bought a potion of might for 40 gold pieces
 35832 | Bazaar   | Bought a potion of curing for 30 gold pieces
 35832 | Bazaar   | Bought a potion of curing for 30 gold pieces
 35832 | Bazaar   | Bought a potion of brilliance for 40 gold pieces
 35832 | Bazaar   | Bought a potion of curing for 30 gold pieces
 35836 | Bazaar   | Bought a pair of gloves for 103 gold pieces
 36023 | Shoals:2 | Noticed a kraken
 36033 | Shoals:2 | Killed a kraken
 36451 | Shoals:2 | Noticed Nikola
 36457 | Shoals:2 | Killed Nikola
 36690 | Shoals:2 | You fall into a shaft and drop 1 floor!
 36694 | Shoals:3 | Found a frozen archway.
 36696 | Shoals:3 | Noticed a kraken
 36826 | IceCv    | Entered an ice cave
 36970 | IceCv    | Learned a level 3 spell: Conjure Flame
 37057 | IceCv    | Learned a level 4 spell: Sticky Flame
 37356 | IceCv    | Learned a level 6 spell: Simulacrum
 37751 | Shoals:3 | Killed a kraken
 37751 | Shoals:3 | Reached skill level 15 in Spellcasting
 37974 | Shoals:3 | Noticed Ilsuiw
 38163 | Shoals:3 | Upgraded the game from 0.25.0-15-gac7dcb8919 to
                  | 0.25.0-26-g0c896c7088
 38358 | Shoals:3 | Noticed a kraken
 38361 | Shoals:3 | Killed a kraken
 38580 | Shoals:3 | Noticed a kraken
 38584 | Shoals:3 | Killed a kraken
 38645 | Shoals:3 | Noticed a kraken
 38651 | Shoals:3 | Killed a kraken
 38722 | Shoals:3 | Noticed a kraken
 38724 | Shoals:3 | Killed a kraken
 38981 | Shoals:3 | Reached skill level 19 in Ice Magic
 39005 | Shoals:3 | Reached XP level 17. HP: 101/101 MP: 17/36
 39188 | Shoals:3 | Killed Ilsuiw
 39219 | Shoals:3 | Noticed a kraken
 39508 | Shoals:3 | Reached skill level 10 in Armour
 40355 | Shoals:4 | Entered Level 4 of the Shoals
 40355 | Shoals:4 | Noticed Louise
 40431 | Shoals:4 | Killed Louise
 40431 | Shoals:4 | Reached skill level 1 in Fighting
 41375 | Shoals:4 | Noticed Polyphemus
 41614 | Shoals:4 | Killed Polyphemus
 43899 | Shoals:4 | Gained mutation: You resist negative energy. (rN+) [demonic
                  | ancestry]
 43899 | Shoals:4 | Reached XP level 18. HP: 119/119 MP: 13/38
 44081 | Shoals:4 | Got an iridescent mace
 44082 | Shoals:4 | Identified the +10 mace "Kaycon" {freeze, rC+ Int+4} (You
                  | found it on level 4 of the Shoals)
 44172 | Shoals:4 | Got a barnacled rune of Zot
 44234 | Shoals:3 | Reached skill level 1 in Evocations
 45364 | Snake:2  | Reached skill level 5 in Fighting
 47464 | Snake:3  | Found Ykiasm's Gadget Boutique.
 47625 | Snake:3  | Bought a wand of acid (8) for 480 gold pieces
 47625 | Snake:3  | Bought a wand of acid (9) for 520 gold pieces
 47625 | Snake:3  | Bought a wand of acid (2) for 240 gold pieces
 48262 | Snake:3  | Got the +0 pair of gloves of the Armoured One {rN+ Regen+}
 48624 | Snake:4  | Entered Level 4 of the Snake Pit
 48680 | Snake:4  | Reached skill level 20 in Ice Magic
 49303 | Snake:4  | Found a large runed translucent door.
 49304 | Snake:4  | Found a large runed translucent door.
 49307 | Snake:4  | Noticed Dominolapin's ghost (adept FeVM)
 49732 | Snake:4  | Noticed Kirke
 49736 | Snake:4  | Killed Kirke
 51224 | Snake:4  | Gained mutation: You are somewhat able to resist unholy
                  | torments (1 in 2 success). [demonic ancestry]
 51224 | Snake:4  | Reached XP level 19. HP: 130/130 MP: 3/40
 51963 | Snake:4  | Got a serpentine rune of Zot
 52205 | Snake:4  | Reached skill level 5 in Evocations
 52757 | Snake:4  | Upgraded the game from 0.25.0-26-g0c896c7088 to
                  | 0.25.0-33-gff14898491
 53020 | Elf:1    | Entered Level 1 of the Elven Halls
 53867 | Elf:1    | Found a shimmering blue altar of Sif Muna.
 54228 | Elf:1    | Found Jure's Food Shoppe.
 54261 | Elf:1    | Found a runed translucent gate.
 54261 | Elf:1    | Found a runed translucent gate.
 54261 | Elf:1    | Found a runed translucent gate.
 54261 | Elf:1    | Found a runed translucent gate.
 54261 | Elf:1    | Found a runed translucent gate.
 54268 | Elf:1    | Found a runed translucent gate.
 54991 | Elf:2    | Reached XP level 20. HP: 141/141 MP: 28/41
 54993 | Elf:2    | Found a radiant altar of Vehumet.
 55058 | Elf:2    | Found a ruined gateway.
 55119 | Desolati | Entered the Desolation of Salt
 56033 | Desolati | Reached skill level 10 in Shields
 56230 | Desolati | Identified Wemadomu's Disquisition on Summoning
 56260 | Desolati | Identified the Handbook of Displacement
 56268 | Desolati | Identified the Tome of Flying Combat Magic
 56660 | Desolati | Identified the ring of Red Wine {rPois rF- Str+6 Int+3}
 56750 | Desolati | Identified the amulet "Medgh" {Reflect rN+ Int+5 SH+5} (You
                  | found it in the Desolation of Salt)
 57190 | Desolati | Got a brightly glowing marble ring
 57192 | Desolati | Got a fine wooden ring
 57202 | Desolati | Identified the ring "Caepyu" {rN+ AC+4 Str-5 Dex+7 SInv}
                  | (You found it in the Desolation of Salt)
 57204 | Desolati | Identified the ring of Uskayaw's Castigation {rElec rC+
                  | Dex-5 SInv} (You found it in the Desolation of Salt)
 57221 | Desolati | Identified Zasoa's Compendium of the Snowflakes
 57226 | Desolati | Learned a level 2 spell: Ensorcelled Hibernation
 57970 | Elf:2    | Found a runed translucent gate.
 57970 | Elf:2    | Found a runed translucent gate.
 57970 | Elf:2    | Found a runed translucent gate.
 58000 | Elf:3    | Entered Level 3 of the Elven Halls
 58020 | Elf:3    | Found an ancient bone altar of Kikubaaqudgha.
 58093 | Elf:3    | Found a flickering gateway to a bazaar.
 58099 | Bazaar   | Entered a bazaar
 58099 | Bazaar   | Found Ysommuong's Weapon Boutique.
 58099 | Bazaar   | Found Jidwenum's Assorted Antiques.
 58099 | Bazaar   | Found Syifiag's Antique Weapon Shop.
 58099 | Bazaar   | Found Ycvol's Distillery.
 58110 | Bazaar   | Bought a scroll of teleportation for 63 gold pieces
 58110 | Bazaar   | Bought a scroll of identify for 42 gold pieces
 58110 | Bazaar   | Bought a wand of polymorph (6) for 42 gold pieces
 58110 | Bazaar   | Bought a scroll of identify for 42 gold pieces
 58114 | Bazaar   | Bought a potion of curing for 33 gold pieces
 58114 | Bazaar   | Bought a potion of flight for 33 gold pieces
 58114 | Bazaar   | Bought a potion of haste for 110 gold pieces
 58114 | Bazaar   | Bought a potion of curing for 33 gold pieces
 58114 | Bazaar   | Bought a potion of berserk rage for 55 gold pieces
 58114 | Bazaar   | Bought a potion of magic for 88 gold pieces
 58917 | Elf:3    | Identified the cursed +1 mace "Saudamai" {venom, +Inv rN+
                  | Str+3}
 59353 | Elf:3    | Reached skill level 21 in Ice Magic
 59477 | Elf:3    | Identified the +11 dagger of the Dead {freeze, rElec rPois
                  | rF+++ Int-3 Dex+3}
 59586 | Elf:3    | Reached XP level 21. HP: 151/151 MP: 30/43
 60383 | Elf:3    | Got a brightly glowing eveningstar
 60384 | Elf:3    | Identified the +5 eveningstar of Jentouh {holy, rC- MR+
                  | Stlth+} (You found it on level 3 of the Elven Halls)
 62602 | D:13     | Found a gate to the Vaults.
 62617 | Vaults:1 | Entered Level 1 of the Vaults
 63586 | Vaults:1 | Paralysed by a great orb of eyes for 7 turns
 63820 | Vaults:1 | Reached skill level 10 in Fighting
 63821 | Vaults:1 | Noticed Donald
 63824 | Vaults:1 | Killed Donald
 65507 | Vaults:2 | Found Xotuhiel's Assorted Antiques.
 65515 | Vaults:2 | Bought a glistering book for 555 gold pieces
 65515 | Vaults:2 | Bought a scroll of acquirement for 1924 gold pieces
 65531 | Vaults:2 | Learned a level 9 spell: Absolute Zero
 65888 | Vaults:2 | You fall into a shaft and drop 1 floor!
 66986 | Vaults:3 | Found a runed translucent gate.
 66986 | Vaults:3 | Found a runed translucent gate.
 66986 | Vaults:3 | Found a runed translucent gate.
 66986 | Vaults:3 | Noticed astronautguy's ghost (master FoEE)
 66986 | Vaults:3 | Noticed Iloemm's ghost (adept HOMo)
 66987 | Vaults:3 | Noticed Tang's ghost (master DsGl)
 66987 | Vaults:3 | Noticed SlowGraham's ghost (legendary KoMo)
 66987 | Vaults:3 | Noticed Zonian's ghost (adept HOFi)
 68010 | Vaults:2 | Found Ofem Kirost's Antique Armour Shoppe.
 68097 | Vaults:2 | Found Luas's Antique Weapon Emporium.
 68117 | Vaults:2 | Gained mutation: A demonic guardian rushes to your aid.
                  | [demonic ancestry]
 68117 | Vaults:2 | Reached XP level 22. HP: 159/159 MP: 7/45
 68337 | Vaults:2 | Found a staircase to the Crypt.
 68337 | Vaults:2 | Found an ancient bone altar of Kikubaaqudgha.
 68338 | Vaults:2 | Found a basalt altar of Yredelemnul.
 68920 | Vaults:2 | Found Pathof's Food Boutique.
 69108 | Vaults:2 | Found Pylue's Antique Weapon Emporium.
 69690 | Vaults:4 | Noticed Boris
 69723 | Vaults:4 | Killed Boris
 70032 | Vaults:4 | Reached skill level 10 in Evocations
 71420 | Vaults:4 | Reached skill level 22 in Ice Magic
 72666 | D:14     | Found Juytut's Assorted Antiques.
 72681 | D:14     | Bought a potion of curing for 90 gold pieces
 72681 | D:14     | Bought a scroll of identify for 60 gold pieces
 72681 | D:14     | Bought a scroll of fog for 60 gold pieces
 72814 | D:14     | Noticed Frances
 72819 | D:14     | Killed Frances
 73241 | D:15     | Entered Level 15 of the Dungeon
 73906 | D:15     | Found a portal to a secret trove of treasure.
 74602 | D:15     | You paid a toll of a +7 demon whip to enter a treasure
                  | trove
 74603 | Trove    | Entered a treasure trove
 74623 | Trove    | Identified the Incunabulum of Vlad
 74657 | Trove    | Got a slimy platinum ring
 74661 | Trove    | Got a vibrating golden ring
 74729 | D:15     | Identified the ring of Osmawnou {rElec rPois EV+4 Str+6}
                  | (You found it in a treasure trove)
 74736 | D:15     | Identified the ring "Higobbeq" {Str+7 SInv} (You found it
                  | in a treasure trove)
 74947 | D:15     | Found a staircase to the Depths.
 75620 | Vaults:2 | Bought a shiny buckler for 277 gold pieces
 75941 | Depths:1 | Entered Level 1 of the Depths
 76945 | D:15     | Got the ring of Malodaor {Ice +Inv Str+3 Int+3 Dex+4}
 77194 | Depths:1 | Gained mutation: Your melee attacks may debilitate your
                  | foes. [demonic ancestry]
 77194 | Depths:1 | Reached XP level 23. HP: 165/165 MP: 34/47
 77452 | Depths:1 | Found Qomecs's Jewellery Shoppe.
 77453 | Depths:1 | Found Kukhon's Gadget Shop.
 77454 | Depths:1 | Found Athebatu's Jewellery Shoppe.
 77462 | Depths:1 | Bought a wand of acid (9) for 468 gold pieces
 77468 | Depths:1 | Bought the ring "Kesakk" {rC+ MP+9 Int+4} for 551 gold
                  | pieces
 78828 | Depths:1 | Learned a level 2 spell: Blink
 78832 | Depths:1 | Learned a level 3 spell: Mephitic Cloud
 79095 | Depths:1 | Learned a level 2 spell: Swiftness
 81131 | Depths:2 | Reached skill level 23 in Ice Magic
 82539 | Depths:3 | Noticed an ancient lich
 82540 | Depths:3 | Killed an ancient lich
 83008 | Depths:3 | Upgraded the game from 0.25.0-33-gff14898491 to
                  | 0.25.0-37-gb73750e0fb
 83330 | Depths:3 | Learned a level 1 spell: Apportation
 83527 | Depths:3 | Found a one-way gate leading to the halls of Pandemonium.
 84129 | Depths:4 | Reached XP level 24. HP: 172/172 MP: 39/48
 84134 | Depths:4 | Noticed Sojobo
 84297 | Depths:4 | Found a runed translucent gate.
 84340 | Depths:4 | Found a runed translucent gate.
 84341 | Depths:4 | Found a runed translucent gate.
 84342 | Depths:4 | Noticed Zuraquwk's ghost (adept DgCj)
 84472 | Depths:4 | Found a one-way gate to the infinite horrors of the Abyss.
 84500 | Depths:4 | Noticed a juggernaut
 84500 | Depths:4 | Noticed a juggernaut
 84503 | Depths:4 | Killed a juggernaut
 84504 | Depths:4 | Killed a juggernaut
 84954 | Depths:4 | Killed Sojobo
 85398 | Depths:4 | You fall into a shaft and drop 1 floor!
 85398 | Depths:5 | Entered Level 5 of the Depths
 85917 | Depths:5 | Reached skill level 24 in Ice Magic
 86665 | Depths:5 | Found a gateway to a ziggurat.
 86812 | Depths:5 | Found a gate to the Realm of Zot.
 87595 | Vaults:5 | Entered Level 5 of the Vaults
 87595 | Vaults:5 | Noticed an ancient lich
 87598 | Vaults:5 | Gained mutation: A powerful demonic guardian rushes to your
                  | aid. [demonic ancestry]
 87598 | Vaults:5 | Reached XP level 25. HP: 177/177 MP: 39/49
 87601 | Vaults:5 | Killed an ancient lich
 88750 | Vaults:5 | Acquired 2510 gold pieces
 89207 | Vaults:5 | Noticed Margery
 89209 | Vaults:5 | Killed Margery
 89492 | Vaults:5 | Identified the Tome of the Entourage
 89695 | Vaults:5 | Reached skill level 25 in Ice Magic
 90027 | Vaults:5 | Noticed an ancient lich
 90028 | Vaults:5 | Noticed an ancient lich
 90029 | Vaults:5 | Killed an ancient lich
 90031 | Vaults:5 | Killed an ancient lich
 90231 | Vaults:5 | Found Gar Loch's Magic Scroll Shoppe.
 90251 | Vaults:5 | Bought a scroll of magic mapping for 49 gold pieces
 90251 | Vaults:5 | Bought a scroll of fear for 49 gold pieces
 90251 | Vaults:5 | Bought a scroll of identify for 28 gold pieces
 90251 | Vaults:5 | Bought a scroll of identify for 28 gold pieces
 90251 | Vaults:5 | Bought a scroll of magic mapping for 49 gold pieces
 90251 | Vaults:5 | Bought a scroll of identify for 28 gold pieces
 90251 | Vaults:5 | Bought a scroll of identify for 28 gold pieces
 90251 | Vaults:5 | Bought a scroll of teleportation for 42 gold pieces
 90251 | Vaults:5 | Bought a scroll of identify for 28 gold pieces
 90251 | Vaults:5 | Bought a scroll of identify for 28 gold pieces
 90730 | Vaults:5 | Got a sapphire broad axe
 90731 | Vaults:5 | Identified the cursed +0 broad axe of Inconvenience
                  | {vorpal, Str+3 Int+3 Dex-2} (You found it on level 5 of the
                  | Vaults)
 90755 | Vaults:5 | Identified the +3 hand axe "Guypn" {flame, rN+ Stlth+} (You
                  | found it on level 5 of the Vaults)
 90783 | Vaults:5 | Got a silver rune of Zot
 90839 | Vaults:5 | Got a flickering iron ring
 90840 | Vaults:5 | Identified the ring of Woefam {+Fly Int+5} (You found it on
                  | level 5 of the Vaults)
 90884 | Vaults:5 | Identified the ring "Norism" {MR- Slay+5 SInv} (You found
                  | it on level 5 of the Vaults)
 91455 | Depths:4 | Voluntarily entered the Abyss.
 91965 | Abyss:3  | Gained mutation: Your demonic aura causes spilled blood to
                  | erupt in flames. [demonic ancestry]
 91965 | Abyss:3  | Reached XP level 26. HP: 184/184 MP: 34/50
 92352 | Abyss:3  | Found a corrupted altar of Lugonu.
 92405 | Depths:4 | Escaped the Abyss
 92487 | Depths:4 | Found a viscous altar of Jiyva.
 92498 | Depths:4 | Killed Zuraquwk's ghost
 92555 | Depths:4 | Got a crude glass ring
 92558 | Depths:4 | Identified the cursed ring "Etier" {rElec rC+ rN+ Dex-4
                  | Stlth+} (You found it on level 4 of the Depths)
 92564 | Depths:4 | Identified the +1 plate armour "Ozxoteyn" {+Inv rF++ Int+2}
                  | (You found it on level 4 of the Depths)
 93542 | Zot:1    | Entered Level 1 of the Realm of Zot
 94073 | Zot:1    | Identified the Incunabulum of Fiery Confrontation
 94914 | Zot:1    | Identified the Collected Works on Fire and Transmigration
 96303 | Zot:2    | Identified the cursed +1 chain mail of Zyfexov {rN+} (You
                  | found it on level 2 of the Realm of Zot)
 96509 | Zot:3    | Reached skill level 26 in Ice Magic
 96511 | Zot:3    | Reached skill level 15 in Shields
 96538 | Zot:3    | Reached XP level 27. HP: 168/190 MP: 5/51
 97495 | Zot:3    | Identified the +9 dagger of Irenarch {vamp, rC+ Str+3
                  | Dex-2}
 97728 | Zot:3    | Reached skill level 1 in Necromancy
 98127 | Zot:3    | Learned a level 8 spell: Necromutation
 98247 | Zot:4    | Reached skill level 1 in Translocations
 98912 | Zot:4    | Noticed an orb of fire
 98915 | Zot:4    | Killed an orb of fire
 99807 | Zot:5    | Entered Level 5 of the Realm of Zot
 99807 | Zot:5    | Noticed an orb of fire
 99808 | Zot:5    | Killed an orb of fire
 99808 | Zot:5    | Reached skill level 10 in Dodging
 99936 | Zot:5    | Reached skill level 5 in Necromancy
100426 | Zot:5    | Noticed an orb of fire
100428 | Zot:5    | Killed an orb of fire
100429 | Zot:5    | Noticed an orb of fire
100431 | Zot:5    | Noticed an orb of fire
100591 | Zot:5    | Noticed an ancient lich
100595 | Zot:5    | Killed an ancient lich
100614 | Zot:5    | Reached skill level 5 in Translocations
100616 | Zot:5    | Noticed an orb of fire
100618 | Zot:5    | Killed an orb of fire
100837 | Zot:5    | Gained mutation: Your body sometimes deteriorates upon
                  | taking damage. [an orb of fire]
100838 | Zot:5    | Killed an orb of fire
100873 | Zot:5    | Killed an orb of fire
101509 | Zot:5    | Paralysed by a Zot trap for 5 turns
101512 | Zot:5    | HP: 8/190 [Orb Guardian (15)]
101512 | Zot:5    | Demolished by an Orb Guardian

Illustrated notes

Levels and vault maps discovered:
D:1:      matt_arrival_grand_opening, layout_loops_ring
D:2:      layout_loops_ring, kennysheep_okawaru_gauntlet
D:3:      layout_loops_ring, bloody_makhleb, uniq_sigmund
D:4:      layout_basic, minmay_temple_entry_arrows, first_ration
D:5:      layout_rooms
D:6:      layout_basic, nrook_mini_vaults, kennysheep_cross_room
D:7:      layout_loops_corners, minitemple, dancing_weapons_uskayaw,
          grunt_temple_overflow_diamond
D:8:      layout_cave_pools
D:9:      layout_stronghold, grunt_dithmenos_shadows
D:10:     layout_roguey, enter_bailey_8, gammafunk_ghost_nasty_kobolds
D:11:     minmay_clustersquares, layout_stronghold, david_lair_generic,
          the_bakery, jmf_multi_god_temple2, uniq_maurice, uniq_nergalle
D:12:     layout_rooms, orc_david_3, basic_altar
D:13:     layout_loops_cross, david_vaults_5, minmay_holes
D:14:     layout_rooms, serial_shops, nicolae_shop_waterfront,
          minmay_misc_feat_iff, uniq_frances
D:15:     gammafunk_enter_depths_forms, layout_irregular_city, serial_glass,
          glass_columns_a, glass_columns_a, nicolae_trove_entry_crossroad,
          chequers_garden
Temple:   minmay_temple_bridge_abc
Lair:1:   layout_regular_city, st_stairs_11, beast_lair_carwin_9,
          grunt_megastairs_2, serial_bayou_shore_b
Lair:2:   beast_lair_carwin_large_3, layout_layer_cave, gauntlet_entry_generic,
          st_stairs_13, uniq_gastronok
Lair:3:   layout_cave_shapes, elwin_shoals_entry_rocks
Lair:4:   layout_roguey, minmay_snake_entry_six_corridors,
          minmay_shattered_shrine
Lair:5:   layout_roguey
Lair:6:   evil_forest, layout_gridlike, nicolae_slime_entry_slimehenge,
          st_stairs_5
Shoals:1: layout_shoals, uniq_roxanne
Shoals:2: layout_shoals, serial_shops, bzr_entry_dummy, uniq_nikola
Shoals:3: layout_shoals, portal_ice_cave_entry_dragon,
          nicolae_shoals_kraken_party, uniq_ilsuiw
Shoals:4: shoals_end_grunt_ice, layout_shoals, uniq_louise, uniq_polyphemus
Snake:1:  layout_honeycomb
Snake:2:  layout_misc_corridors, grunt_ministairs_2
Snake:3:  layout_chambers, serial_shops, shop, lemuel_fruit_tree
Snake:4:  grunt_snake_rune_spirals, layout_onion, ebering_ghost_disaster_area,
          uniq_kirke
Orc:1:    layout_caves, gammafunk_ghost_split, david_defended_altar_orc
Orc:2:    st_orc_town, layout_caves, basic_altar, serial_shops,
          nicolae_shop_crystal
Elf:1:    eino_elf_arrival_shootout, layout_geoelf_octagon, serial_shops, shop,
          basic_altar, orc_legates
Elf:2:    layout_onion_city, portal_desolation_entry_nicolae_slug, minivault_14,
          guppyfry_elf_altar
Elf:3:    minmay_elf_hall, layout_gridlike, basic_altar, serial_shops,
          bzr_entry_safe
Vaults:1: nicolae_vaults_asterisk, vaults_mumra_hexcomb,
          vaults_mumra_chevron_long, nicolae_vaults_circle_grid_b,
          nicolae_vaults_twisting_passages, ontoclasm_vaults_gateway,
          special_room_vaults [special_room_orc], layout_vaults_omnigrid,
          uniq_donald
Vaults:2: nicolae_vaults_back_hallway, v_misc_5, minmay_crypt_entry_necro_gods,
          hangedman_vaults_unwind, nicolae_vaults_little_ls,
          hangedman_vaults_variations, nicolae_vaults_shelves_hall,
          hangedman_vaults_trim, v_pattern_2, dpeg_vaults_monster_box,
          layout_vaults_ring, serial_shops, shop, nicolae_shop_behind_doors,
          shop, shop_fountains, shop
Vaults:3: gammafunk_vaults_ghost_cemetery, grunt_vaults_bifocal,
          ontoclasm_vaults_eye, nicolae_vaults_specimen_jars,
          vaults_room_corners, layout_vaults_chaotic_city
Vaults:4: vaults_standard_mumra_enter_the_diamond, v_misc_14,
          nicolae_vaults_theta, st_squares, hangedman_vaults_corner,
          ontoclasm_vaults_hangar, v_pattern_4,
          nicolae_vaults_mini_display_case, nicolae_vaults_little_squares_6,
          ontoclasm_vaults_ring_square, vaults_room_pool, layout_vaults_omnibox,
          uniq_boris
Vaults:5: uniq_margery
Depths:1: layout_gridlike, lightli_too_deep, chequers_serial_rivers_room_a,
          serial_sigils_hangedman_leer, grunt_ministairs_1,
          minmay_serpent_palace, serial_bayou_shore_b, minmay_shop_grove
Depths:2: evilmike_horseshoe, layout_gridlike, hangedman_coc_ice_floe,
          minmay_misc_feat_columns
Depths:3: lemuel_river_lethe, pan_entry, hell_entry
Depths:4: minmay_glassy_protrusions, layout_basic,
          chequers_serial_rivers_micro_d, pf_vacation_house_of_asmodeus,
          gammafunk_ghost_ooze, abyss_entry, minmay_staircase_windowed_large,
          serial_bayou_shore_a, uniq_sojobo
Depths:5: grunt_zot_entry_gee_three, layout_cave_shapes, enter_ziggurat_f,
          pf_hell_entry_tar_spiral, hangedman_decor_clover_reticule
Zot:1:    minmay_elemental_castle, layout_gridlike
Zot:2:    layout_basic
Zot:3:    layout_basic, zot_minivault_5
Zot:4:    layout_basic
Zot:5:    layout_twisted_circle

Skill      XL: |  1  2  3  4  5  6  7  8  9 10 11 12 13 14 15 16 17 18 19 20 21 22 23 24 25 26 27 |
---------------+----------------------------------------------------------------------------------+-----
Ice Magic      | 4 5 6 7 8 9 11 12 13 14 16 18 19 20 21 22 23 24 25 26 | 26.0
Spellcasting   | 4 5 6 8 9 11 12 13 14 15 16 17 18 19 20 21 22 23 24 25 | 25.9
Armour         | 2 3 4 6 8 9 10 11 12 13 | 13.4
Dodging        | 2 4 5 6 7 8 10 | 10.3
Long Blades    | 1 |  1.0
Summonings     | 1 |  1.1
Conjurations   | 2 3 4 |  4.0
Shields        | 2 5 6 7 9 10 11 12 13 15 17 | 17.0
Fighting       | 4 6 8 9 10 | 10.1
Evocations     | 4 6 8 9 10 | 10.0
Necromancy     | 8 |  8.4
Translocations | 6 |  6.6
Stealth        | |  1.7

Action                   |  1- 3 |  4- 6 |  7- 9 | 10-12 | 13-15 | 16-18 | 19-21 | 22-24 | 25-27 || total
-------------------------+-------+-------+-------+-------+-------+-------+-------+-------+-------++-------
Melee: Club              |     1 |       |       |       |       |       |       |       |       ||     1
       Dagger            |       |    86 |       |    51 |     5 |       |    85 |   787 |   933 ||  1947
       Kick              |       |    15 |       |       |       |    39 |   231 |   386 |   413 ||  1084
       Scimitar          |       |       |       |    44 |    49 |    91 |       |       |       ||   184
       Staff             |       |       |       |       |   129 |    25 |       |       |       ||   154
       Mace              |       |       |       |       |       |    63 |   673 |   108 |       ||   844
 Fire: Hunting sling     |       |     5 |   165 |    23 |       |       |       |       |       ||   193
Throw: Javelin           |    10 |       |       |       |     6 |       |       |       |       ||    16
       Stone             |     2 |    20 |       |       |       |       |       |       |       ||    22
       Boomerang         |       |       |       |    31 |     2 |       |       |       |       ||    33
 Cast: Freeze            |    42 |     9 |       |     2 |       |       |       |       |       ||    53
       Frozen Ramparts   |       |    38 |    75 |    98 |   183 |    68 |    28 |       |       ||   490
       Hailstorm         |       |       |     1 |    44 |   206 |    99 |    85 |    17 |     1 ||   453
       Summon Ice Beast  |       |       |       |    64 |    20 |    17 |    52 |    18 |       ||   171
       Ozocubu's Refrige |       |       |       |       |    16 |   338 |   362 |   402 |   250 ||  1368
       Conjure Flame     |       |       |       |       |       |    11 |       |       |       ||    11
       Sticky Flame      |       |       |       |       |       |     2 |       |       |       ||     2
       Absolute Zero     |       |       |       |       |       |       |       |    36 |   110 ||   146
       Simulacrum        |       |       |       |       |       |       |       |     4 |       ||     4
       Apportation       |       |       |       |       |       |       |       |     1 |       ||     1
Invok: Minor Destruction |       |       |       |       |       |     1 |       |       |       ||     1
 Abil: Evoke Blink       |       |       |       |       |       |     1 |       |       |       ||     1
Evoke: Wand              |       |       |     4 |       |     4 |    20 |    11 |     5 |       ||    44
       Box of beasts     |       |       |       |       |       |     2 |       |       |       ||     2
       Staff of energy   |       |       |       |       |       |     2 |       |       |       ||     2
  Use: Potion            |       |     2 |     4 |     3 |     2 |     9 |       |     2 |     3 ||    25
       Scroll            |       |       |    14 |     7 |    13 |    17 |    16 |    13 |    12 ||    92
 Stab: Sleeping          |     1 |     2 |       |       |       |       |       |       |       ||     3
       Distracted        |       |       |       |     3 |     1 |       |     4 |     5 |     1 ||    14
  Eat: Chunk             |     4 |    14 |    14 |    16 |    35 |    42 |    35 |    48 |    35 ||   243
       Ration            |       |       |     1 |     3 |     4 |     7 |     6 |     7 |     5 ||    33
Armor: Robe              |     4 |    14 |    44 |    22 |       |       |       |       |       ||    84
       Skin              |       |     2 |       |       |       |       |       |       |       ||     2
       Leather armour    |       |       |       |    61 |    66 |    55 |       |   106 |    17 ||   305
       Pearl dragon scal |       |       |       |       |    29 |    35 |   243 |   110 |       ||   417
       Quicksilver drago |       |       |       |       |       |       |       |       |   177 ||   177
Dodge: Dodged            |    13 |    45 |   123 |   152 |   185 |   105 |   103 |   244 |   339 ||  1309
Block: Other             |     1 |    26 |    49 |   106 |    92 |       |       |       |       ||   274
       Reflection        |       |     1 |     3 |    15 |    16 |   142 |   142 |    80 |    17 ||   416
       Buckler           |       |       |       |       |   214 |   199 |       |   577 |    70 ||  1060
       Tower shield      |       |       |       |       |       |   288 |  1208 |   481 |       ||  1977
       Kite shield       |       |       |       |       |       |       |       |       |  1074 ||  1074
       Rpst.: Scimitar   |       |       |       |    14 |    11 |     4 |       |       |       ||    29
